VANCOUVER vs LOS ANGELES

Created - Thursday, January 18, 2018 at 09:25

Goals
1 2 3 T
VANCOUVER 1 1 1 3
LOS ANGELES 2 0 2 4
Shots
1 2 3 T
VANCOUVER 12 12 13 37
LOS ANGELES 10 11 12 33

1st period

1. VANCOUVER , Ryan Ellis 8 (Mark Stone 17, T.J. Brodie 18) at 3:52 (PP)
2. LOS ANGELES , Matthew Tkachuk 11 (Matt Stajan 13, Nikolai Kulemin 8) at 16:32
3. LOS ANGELES , Matthew Tkachuk 12 (Matt Stajan 14, Dmitry Kulikov 11) at 17:42 (PP)

Penalties :
Mark Stuart (LOS) for Interference (Minor) at 2:10, T.J. Brodie (VAN) for Tripping (Minor) at 4:46, Michael Raffl (LOS) for High sticking (Minor) at 7:27, Michael Stone (VAN) for Holding (Minor) at 16:49

2nd period

4. VANCOUVER , Ryan Ellis 9 (Mark Stone 18, T.J. Brodie 19) at 6:33

Penalties :
Tyler Seguin (VAN) for Interference (Minor) at 9:09, T.J. Brodie (VAN) for Holding (Minor) at 13:38

3rd period

5. LOS ANGELES , Jeff Skinner 18 (Cam Fowler 12) at 9:47
6. VANCOUVER , Patrick Kane 12 (Ryan Ellis 17, Tyler Seguin 22) at 10:41
7. LOS ANGELES , Matt Stajan 6 (Fedor Tyutin 11, Matthew Tkachuk 17) at 17:30

Penalties :
Derek Forbort (LOS) for Roughing (Minor) at 0:40, Simon Despres (LOS) for Interference (Minor) at 13:57, Patrick Kane (VAN) for High sticking (Minor) at 14:24, Nazem Kadri (VAN) for High sticking (Minor) at 18:30

Goalie Stats

Martin Jones (VAN), 29 saves from 33 shots - (0.879), L, 18-17-2, 60:00 minutes
Antti Raanta (LOS), 34 saves from 37 shots - (0.919), W, 13-11-2, 60:00 minutes

Players Stats for VANCOUVER

Player Name              G  A  P  +/- PIM S  H  SB GA TA FO     MP     PP MP  PK MP  
------------------------------------------------------------------------------------
Chris Kunitz             0  0  0   0  0   2  0  0  0  0  0/1    12:11   0:00   2:24 
Daniel Sedin             0  0  0  -1  0   0  1  0  0  0  0/0    19:16   2:35   0:27 
Dennis Wideman           0  0  0   0  0   2  0  0  0  0  0/0    11:26   0:00   2:02 
Hampus Lindholm          0  0  0  -2  0   1  3  5  0  0  0/0    23:58   2:35   5:12 
Jean-Gabriel Pageau      0  0  0   0  0   1  1  0  0  0  15/30  15:20   0:00   6:22 
Jonathan Huberdeau       0  0  0   0  0   3  0  0  0  0  1/2    18:50   2:35   0:00 
Justin Abdelkader        0  0  0   0  0   3  1  0  0  0  0/0    15:42   0:00   5:55 
Lukas Sedlak             0  0  0   0  0   1  2  0  0  0  0/0     2:08   0:00   0:00 
Mark Arcobello           0  0  0   0  0   1  0  0  0  0  0/0     2:08   0:00   0:00 
Mark Stone               0  2  2   0  0   5  0  0  0  0  1/1    19:47   3:32   0:00 
Matt Irwin               0  0  0   0  0   0  0  2  0  0  0/0     2:54   0:00   0:00 
Michael Stone            0  0  0   0  2   1  1  2  0  0  0/0     9:23   0:00   0:00 
Nazem Kadri              0  0  0   0  2   4  4  0  0  0  15/30  21:44   2:35   2:12 
Nick Schmaltz            0  0  0   0  0   0  0  0  0  0  0/1     2:08   0:00   0:00 
Patrick Kane             1  0  1  -1  2   5  3  1  0  0  0/2    19:45   3:31   0:00 
Ryan Ellis               2  1  3   1  0   2  2  1  0  0  0/0    24:25   3:32   4:21 
T.J. Brodie              0  2  2   1  4   0  1  1  0  0  0/0    22:07   3:32   1:59 
Travis Hamonic           0  0  0  -2  0   2  1  0  0  0  0/0    22:50   2:35   3:58 
Tyler Seguin             0  1  1  -1  2   4  3  1  0  0  17/31  20:40   3:32   0:12 
Zbynek Michalek          0  0  0   0  0   0  0  0  0  0  0/0     2:54   0:00   0:00 

Players Stats for LOS ANGELES

Player Name              G  A  P  +/- PIM S  H  SB GA TA FO     MP     PP MP  PK MP  
------------------------------------------------------------------------------------
Andrew Desjardins        0  0  0   0  0   0  0  0  0  0  0/0     1:57   0:00   1:57 
Cam Fowler               0  1  1   0  0   1  2  4  0  0  0/0    25:56   5:01   3:21 
Cody Eakin               0  0  0  -1  0   1  1  0  0  0  5/12    7:05   0:00   1:57 
Dalton Prout             0  0  0   0  0   0  0  0  0  0  0/0     1:48   0:00   0:10 
Derek Forbort            0  0  0   0  2   1  0  1  0  0  0/0    23:33   5:01   2:37 
Dmitry Kulikov           0  1  1   0  0   0  2  2  0  0  0/0    22:15   3:45   2:46 
Fedor Tyutin             0  1  1   0  0   0  4  0  0  0  0/0    22:15   3:45   2:46 
Jeff Skinner             1  0  1   0  0   6  1  0  0  0  1/1    20:55   5:30   0:00 
John Mitchell            0  0  0   0  0   0  1  0  0  0  0/0    10:03   0:00   0:00 
John Quenneville         0  0  0  -1  0   0  0  0  0  0  0/0     5:08   0:00   0:00 
Joshua Ho-Sang           0  0  0   0  0   2  0  0  0  0  0/0    10:03   0:00   0:00 
Mark Stuart              0  0  0   1  2   0  3  0  0  0  0/0    11:48   0:00   0:00 
Matt Stajan              1  2  3   2  0   4  0  0  0  0  15/27  17:47   3:16   0:00 
Matthew Tkachuk          2  1  3   2  0   9  0  0  0  0  0/1    17:47   3:16   0:00 
Michael Raffl            0  0  0  -1  2   0  2  0  0  0  0/1     5:07   0:00   0:00 
Mika Zibanejad           0  0  0   0  0   1  0  0  0  0  20/35  22:03   5:30   1:08 
Mike Hoffman             0  0  0   0  0   3  2  0  0  0  0/1    20:22   5:30   0:20 
Nikolai Kulemin          0  1  1   2  0   1  0  0  0  0  0/0    17:22   0:00   3:30 
Simon Despres            0  0  0   1  2   1  0  0  0  0  0/0    12:22   0:00   0:34 
Vernon Fiddler           0  0  0   0  0   3  0  0  0  0  8/20   16:41   3:16   3:22 

3 Stars

1 - Matthew Tkachuk (LOS)
2 - Ryan Ellis (VAN)
3 - Matt Stajan (LOS)

Power Play

VANCOUVER - 1 on 4 Attempt(s) - 25.00%
LOS ANGELES - 1 on 6 Attempt(s) - 16.67%

Penalty Kill

VANCOUVER - 5 on 6 Attempt(s) - 83.33% - Score 0 goal in Penalty Kill
LOS ANGELES - 3 on 4 Attempt(s) - 75.00% - Score 0 goal in Penalty Kill

Team Stat

VANCOUVER - Hits : 23 - Faceoff Wins : 49 - Blocked Shots : 13 - Penalty Minutes : 12
LOS ANGELES - Hits : 18 - Faceoff Wins : 49 - Blocked Shots : 7 - Penalty Minutes : 8

Official

Referees : Unknown
Linesman : Unknown

Game Notes

No Game Note

Finance

Level 1 -- Attendance: 4070 (67.83%) -- Ticket Income $407,000
Level 2 -- Attendance: 4210 (84.20%) -- Ticket Income $252,600
Level 3 -- Attendance: 2000 (100.00%) -- Ticket Income $70,000
Level 4 -- Attendance: 3601 (90.03%) -- Ticket Income $72,020
Luxury Box -- Attendance: 762 (76.20%) -- Ticket Income $152,400
Game was played at the Staples Center.
Total Attendance: 14643 (81.35%)
Total Ticket Income: $954,020
Total Income: $954,020

VANCOUVER

5 vs 5 Forward 
   Center                   Left Wing                Right Wing               Time % Phy DF OF 
 1 Tyler Seguin             Patrick Kane             Daniel Sedin             39     1   2  2  
 2 Nazem Kadri              Jonathan Huberdeau       Mark Stone               39     1   2  2  
 3 Jean-Gabriel Pageau      Chris Kunitz             Justin Abdelkader        22     1   2  2  
 4 Mark Arcobello           Nick Schmaltz            Lukas Sedlak             0      1   3  1  

5 vs 5 Defense 
   Defense                  Defense                                           Time % Phy DF OF 
 1 Ryan Ellis               T.J. Brodie                                       39     1   2  2  
 2 Hampus Lindholm          Travis Hamonic                                    39     1   2  2  
 3 Michael Stone            Dennis Wideman                                    22     1   2  2  
 4 Matt Irwin               Zbynek Michalek                                   0      1   4  0  

PowerPlay Forward 
   Center                   Left Wing                Right Wing               Time % Phy DF OF 
 1 Tyler Seguin             Patrick Kane             Mark Stone               60     1   1  3  
 2 Nazem Kadri              Jonathan Huberdeau       Daniel Sedin             40     1   2  2  

PowerPlay Defense
   Defense                  Defense                                           Time % Phy DF OF 
 1 T.J. Brodie              Ryan Ellis                                        60     1   1  3  
 2 Hampus Lindholm          Travis Hamonic                                    40     1   2  2  

Penalty Kill 4 Players Forward 
   Center                   Wing                     Time % Phy DF OF 
 1 Jean-Gabriel Pageau      Justin Abdelkader        60     1   3  1  
 2 Nazem Kadri              Chris Kunitz             40     1   3  1  

Penalty Kill 4 Players Defense
   Defense                  Defense                  Time % Phy DF OF 
 1 Ryan Ellis               T.J. Brodie              50     1   3  1  
 2 Hampus Lindholm          Travis Hamonic           50     1   3  1  

Penalty Kill - 3 Players Forward 
   Forward                                           Time % Phy DF OF 
 1 Jean-Gabriel Pageau                               60     1   3  1  
 2 Nazem Kadri                                       40     1   3  1  

Penalty Kill - 3 Players Defense
   Defense                  Defense                  Time % Phy DF OF 
 1 Ryan Ellis               T.J. Brodie              60     1   4  0  
 2 Hampus Lindholm          Travis Hamonic           40     1   4  0  

4 vs 4 Forward 
   Center                   Wing                     Time % Phy DF OF 
 1 Tyler Seguin             Patrick Kane             60     1   2  2  
 2 Nazem Kadri              Jonathan Huberdeau       40     1   2  2  

4 vs 4 Defense
   Defense                  Defense                  Time % Phy DF OF 
 1 Ryan Ellis               Hampus Lindholm          60     1   2  2  
 2 T.J. Brodie              Travis Hamonic           40     1   2  2  

Last Minutes Offensive
   Center                   Left Wing                Right Wing               Defense                  Defense                  
   Jean-Gabriel Pageau      Patrick Kane             Tyler Seguin             Jonathan Huberdeau       Nazem Kadri              

Last Minutes Defensive
   Center                   Left Wing                Right Wing               Defense                  Defense                  
   Jean-Gabriel Pageau      Nazem Kadri              Justin Abdelkader        Ryan Ellis               Hampus Lindholm          

Goaltenders
Starting : Martin Jones             
Backup : Casey DeSmith            

Extra Forwards
Normal : Nazem Kadri, Tyler Seguin, Patrick Kane - PP : Nazem Kadri, Patrick Kane - PK : Tyler Seguin
Extra Defensemen
Normal : Hampus Lindholm, Ryan Ellis, T.J. Brodie - PP : Michael Stone - PK : Hampus Lindholm, Ryan Ellis
Penalty Shots
Tyler Seguin, Patrick Kane, Jonathan Huberdeau, Nazem Kadri, Mark Stone

Scratches
None

LOS ANGELES

5 vs 5 Forward 
   Center                   Left Wing                Right Wing               Time % Phy DF OF 
 1 Mika Zibanejad           Jeff Skinner             Mike Hoffman             35     0   1  4  
 2 Matt Stajan              Matthew Tkachuk          Nikolai Kulemin          35     1   2  2  
 3 Vernon Fiddler           John Mitchell            Joshua Ho-Sang           25     1   3  1  
 4 Cody Eakin               Michael Raffl            John Quenneville         5      1   4  0  

5 vs 5 Defense 
   Defense                  Defense                                           Time % Phy DF OF 
 1 Cam Fowler               Derek Forbort                                     35     1   2  2  
 2 Fedor Tyutin             Dmitry Kulikov                                    35     1   3  1  
 3 Mark Stuart              Simon Despres                                     25     1   3  1  
 4 Dalton Prout             Cam Fowler                                        5      1   4  0  

PowerPlay Forward 
   Center                   Left Wing                Right Wing               Time % Phy DF OF 
 1 Mika Zibanejad           Jeff Skinner             Mike Hoffman             60     0   0  5  
 2 Matt Stajan              Matthew Tkachuk          Vernon Fiddler           40     0   0  5  

PowerPlay Defense
   Defense                  Defense                                           Time % Phy DF OF 
 1 Cam Fowler               Derek Forbort                                     60     1   1  3  
 2 Fedor Tyutin             Dmitry Kulikov                                    40     1   1  3  

Penalty Kill 4 Players Forward 
   Center                   Wing                     Time % Phy DF OF 
 1 Vernon Fiddler           Nikolai Kulemin          60     1   4  0  
 2 Cody Eakin               Andrew Desjardins        40     1   4  0  

Penalty Kill 4 Players Defense
   Defense                  Defense                  Time % Phy DF OF 
 1 Cam Fowler               Derek Forbort            60     1   4  0  
 2 Fedor Tyutin             Dmitry Kulikov           40     1   4  0  

Penalty Kill - 3 Players Forward 
   Forward                                           Time % Phy DF OF 
 1 Matt Stajan                                       60     1   4  0  
 2 Cody Eakin                                        40     1   4  0  

Penalty Kill - 3 Players Defense
   Defense                  Defense                  Time % Phy DF OF 
 1 Cam Fowler               Derek Forbort            60     1   4  0  
 2 Fedor Tyutin             Dmitry Kulikov           40     1   4  0  

4 vs 4 Forward 
   Center                   Wing                     Time % Phy DF OF 
 1 Mika Zibanejad           Jeff Skinner             60     1   2  2  
 2 Matt Stajan              Matthew Tkachuk          40     1   2  2  

4 vs 4 Defense
   Defense                  Defense                  Time % Phy DF OF 
 1 Cam Fowler               Derek Forbort            60     1   2  2  
 2 Fedor Tyutin             Dmitry Kulikov           40     1   2  2  

Last Minutes Offensive
   Center                   Left Wing                Right Wing               Defense                  Defense                  
   Mika Zibanejad           Jeff Skinner             Mike Hoffman             Cam Fowler               Derek Forbort            

Last Minutes Defensive
   Center                   Left Wing                Right Wing               Defense                  Defense                  
   Matt Stajan              Matthew Tkachuk          Nikolai Kulemin          Cam Fowler               Derek Forbort            

Goaltenders
Starting : Antti Raanta             
Backup : Cam Ward                 

Extra Forwards
Normal : Matthew Tkachuk, Jeff Skinner, Mika Zibanejad - PP : John Quenneville, Nikolai Kulemin - PK : Mika Zibanejad
Extra Defensemen
Normal : Mark Stuart, Simon Despres, Dalton Prout - PP : Mark Stuart - PK : Simon Despres, Dalton Prout
Penalty Shots
Jeff Skinner, Matthew Tkachuk, Mike Hoffman, Mika Zibanejad, Nikolai Kulemin

Scratches
Nate Thompson (Healthy), LA CAP HIT (Suspend), Eddie Lack (Healthy)

% Time on Ice - VANCOUVER

Lines # - Real PCT - Wanted PCT - Time Play
Normal Forward
1 - 37% - 39% - 16:14
2 - 37% - 39% - 16:15
3 - 21% - 22% - 8:58
4 - 5% - 0% - 2:08
Normal Defense
1 - 36% - 39% - 15:49
2 - 35% - 39% - 15:28
3 - 22% - 22% - 9:24
4 - 7% - 0% - 2:54
PP Forward
1 - 58% - 60% - 3:32
2 - 42% - 40% - 2:35
PP Defense
1 - 58% - 60% - 3:32
2 - 42% - 40% - 2:35
PK Forward
1 - 73% - 60% - 6:22
2 - 27% - 40% - 2:24
PK Defense
1 - 50% - 50% - 4:21
2 - 50% - 50% - 4:25
PK3 Forward
1 - 0% - 60%
2 - 0% - 40%
PK3 Defense
1 - 0% - 60%
2 - 0% - 40%
44 Forward
1 - 100% - 60% - 1:32
2 - 0% - 40% - 0:00
44 Defense
1 - 47% - 60% - 0:43
2 - 53% - 40% - 0:49
Last Minute Offensive  - 0:00
Last Minute Defensive  - 0:00
Total
Forward - 60:00
Defense - 60:00

% Time on Ice - LOS ANGELES

Lines # - Real PCT - Wanted PCT - Time Play
Normal Forward
1 - 33% - 35% - 14:32
2 - 32% - 35% - 13:52
3 - 23% - 25% - 10:03
4 - 12% - 5% - 5:08
Normal Defense
1 - 35% - 35% - 15:03
2 - 35% - 35% - 15:05
3 - 27% - 25% - 11:49
4 - 4% - 5% - 1:38
PP Forward
1 - 63% - 60% - 5:30
2 - 37% - 40% - 3:16
PP Defense
1 - 57% - 60% - 5:01
2 - 43% - 40% - 3:45
PK Forward
1 - 68% - 60% - 4:10
2 - 32% - 40% - 1:57
PK Defense
1 - 55% - 60% - 3:21
2 - 45% - 40% - 2:46
PK3 Forward
1 - 0% - 60%
2 - 0% - 40%
PK3 Defense
1 - 0% - 60%
2 - 0% - 40%
44 Forward
1 - 58% - 60% - 0:53
2 - 42% - 40% - 0:39
44 Defense
1 - 58% - 60% - 0:53
2 - 42% - 40% - 0:39
Last Minute Offensive  - 0:00
Last Minute Defensive  - 0:00
Total
Forward - 60:00
Defense - 60:00

Play by Play

1st period


0:01 of 1st period - Mika Zibanejad wins face-off versus Tyler Seguin in neutral zone.
0:31 of 1st period - Cam Fowler is hit by Tyler Seguin and loses puck.
0:39 of 1st period - Cam Fowler is hit by Daniel Sedin and loses puck.
1:27 of 1st period - Nikolai Kulemin is hit by Nazem Kadri and loses puck.
1:53 of 1st period - Jonathan Huberdeau is hit by Mark Stuart.
2:10 of 1st period - Minor Penalty to Mark Stuart for Interference.
2:11 of 1st period - Tyler Seguin wins face-off versus Vernon Fiddler in LOS ANGELES zone.
2:18 of 1st period - Shot by Ryan Ellis.
2:18 of 1st period - Shot Misses the Net.
2:53 of 1st period - Off-side.
2:54 of 1st period - Cody Eakin wins face-off versus Nazem Kadri in neutral zone.
3:24 of 1st period - Shot by Vernon Fiddler.
3:24 of 1st period - Stopped by Martin Jones without a rebound.
3:25 of 1st period - Tyler Seguin wins face-off versus Cody Eakin in VANCOUVER zone.
3:39 of 1st period - Tyler Seguin is hit by Cam Fowler and loses puck.
3:42 of 1st period - Shot by Tyler Seguin.
3:42 of 1st period - Shot Misses the Net.
3:44 of 1st period - Shot by Patrick Kane.
3:44 of 1st period - Shot Misses the Net.
3:46 of 1st period - Shot by T.J. Brodie.
3:46 of 1st period - Shot Blocked by Derek Forbort.
3:48 of 1st period - Shot by T.J. Brodie.
3:48 of 1st period - Shot Misses the Net.
3:50 of 1st period - Shot by Mark Stone.
3:50 of 1st period - Shot Misses the Net.
3:52 of 1st period - Shot by Ryan Ellis.
3:52 of 1st period - Goal by Ryan Ellis - VANCOUVER : 1 - LOS ANGELES : 0.
3:53 of 1st period - Jean-Gabriel Pageau wins face-off versus Mika Zibanejad in neutral zone.
4:20 of 1st period - Shot by Justin Abdelkader.
4:20 of 1st period - Stopped by Antti Raanta without a rebound.
4:21 of 1st period - Matt Stajan wins face-off versus Tyler Seguin in LOS ANGELES zone.
4:21 of 1st period - Matt Stajan is hit by Patrick Kane.
4:34 of 1st period - Matt Stajan is hit by Ryan Ellis and loses puck.
4:43 of 1st period - Shot by Nikolai Kulemin.
4:43 of 1st period - Shot Misses the Net.
4:45 of 1st period - Shot by Matt Stajan.
4:45 of 1st period - Shot Blocked by Patrick Kane.
4:46 of 1st period - Minor Penalty to T.J. Brodie for Tripping.
4:47 of 1st period - Jean-Gabriel Pageau wins face-off versus Mika Zibanejad in VANCOUVER zone.
5:32 of 1st period - Shot by Jeff Skinner.
5:32 of 1st period - Shot Blocked by Hampus Lindholm.
6:02 of 1st period - Shot by Matthew Tkachuk.
6:02 of 1st period - Deflect By Matt Stajan.
6:02 of 1st period - Shot Misses the Net.
6:04 of 1st period - Shot by Vernon Fiddler.
6:04 of 1st period - Stopped by Martin Jones without a rebound.
6:05 of 1st period - Matt Stajan wins face-off versus Jean-Gabriel Pageau in VANCOUVER zone.
6:49 of 1st period - Shot by Tyler Seguin.
6:49 of 1st period - Stopped by Antti Raanta without a rebound.
6:50 of 1st period - Mika Zibanejad wins face-off versus Nazem Kadri in LOS ANGELES zone.
7:18 of 1st period - Shot by Mika Zibanejad.
7:18 of 1st period - Shot Blocked by Matt Irwin.
7:20 of 1st period - Shot by Mika Zibanejad.
7:20 of 1st period - Deflect By Jeff Skinner.
7:20 of 1st period - Stopped by Martin Jones without a rebound.
7:21 of 1st period - Cody Eakin wins face-off versus Tyler Seguin in VANCOUVER zone.
7:27 of 1st period - Minor Penalty to Michael Raffl for High sticking.
7:28 of 1st period - Tyler Seguin wins face-off versus Vernon Fiddler in LOS ANGELES zone.
7:52 of 1st period - Shot by Patrick Kane.
7:52 of 1st period - Deflect By Tyler Seguin.
7:52 of 1st period - Shot Misses the Net.
9:32 of 1st period - Shot by Jean-Gabriel Pageau.
9:32 of 1st period - Stopped by Antti Raanta with a rebound.
9:42 of 1st period - Shot by Jean-Gabriel Pageau.
9:42 of 1st period - Shot Misses the Net.
9:44 of 1st period - Shot by Michael Stone.
9:44 of 1st period - Stopped by Antti Raanta without a rebound.
9:45 of 1st period - Matt Stajan wins face-off versus Nick Schmaltz in LOS ANGELES zone.
9:45 of 1st period - Matt Stajan is hit by Lukas Sedlak.
10:54 of 1st period - Shot by Mike Hoffman.
10:54 of 1st period - Shot Hit the Post.
10:56 of 1st period - Shot by Simon Despres.
10:56 of 1st period - Stopped by Martin Jones without a rebound.
10:57 of 1st period - Cody Eakin wins face-off versus Nazem Kadri in VANCOUVER zone.
11:17 of 1st period - Icing by Nazem Kadri.
11:18 of 1st period - Vernon Fiddler wins face-off versus Nazem Kadri in VANCOUVER zone.
11:25 of 1st period - Travis Hamonic is hit by John Mitchell and loses puck.
11:34 of 1st period - Icing by Travis Hamonic.
11:35 of 1st period - Nazem Kadri wins face-off versus Matt Stajan in VANCOUVER zone.
11:40 of 1st period - Shot by Travis Hamonic.
11:40 of 1st period - Stopped by Antti Raanta without a rebound.
11:41 of 1st period - Matt Stajan wins face-off versus Tyler Seguin in LOS ANGELES zone.
12:10 of 1st period - Shot by Matthew Tkachuk.
12:10 of 1st period - Shot Misses the Net.
12:12 of 1st period - Shot by Matthew Tkachuk.
12:12 of 1st period - Stopped by Martin Jones without a rebound.
12:13 of 1st period - Vernon Fiddler wins face-off versus Nazem Kadri in VANCOUVER zone.
12:13 of 1st period - Dmitry Kulikov is hit by Hampus Lindholm and loses puck.
12:30 of 1st period - Shot by Jonathan Huberdeau.
12:30 of 1st period - Stopped by Antti Raanta without a rebound.
12:31 of 1st period - Mika Zibanejad wins face-off versus Jean-Gabriel Pageau in LOS ANGELES zone.
13:03 of 1st period - Shot by Mike Hoffman.
13:03 of 1st period - Shot Blocked by Ryan Ellis.
13:22 of 1st period - Icing by Mika Zibanejad.
13:23 of 1st period - Mika Zibanejad wins face-off versus Tyler Seguin in LOS ANGELES zone.
13:44 of 1st period - Shot by Tyler Seguin.
13:44 of 1st period - Stopped by Antti Raanta without a rebound.
13:45 of 1st period - Nazem Kadri wins face-off versus Vernon Fiddler in LOS ANGELES zone.
13:48 of 1st period - Shot by Jonathan Huberdeau.
13:48 of 1st period - Shot Blocked by Cam Fowler.
13:54 of 1st period - Shot by Jonathan Huberdeau.
13:54 of 1st period - Deflect By Mark Stone.
13:54 of 1st period - Stopped by Antti Raanta with a rebound.
15:01 of 1st period - Shot by Matthew Tkachuk.
15:01 of 1st period - Shot Misses the Net.
15:13 of 1st period - Shot by Matthew Tkachuk.
15:13 of 1st period - Stopped by Martin Jones without a rebound.
15:14 of 1st period - Jean-Gabriel Pageau wins face-off versus Cody Eakin in VANCOUVER zone.
16:30 of 1st period - Shot by Matthew Tkachuk.
16:30 of 1st period - Shot Misses the Net.
16:32 of 1st period - Shot by Matthew Tkachuk.
16:32 of 1st period - Goal by Matthew Tkachuk - VANCOUVER : 1 - LOS ANGELES : 1.
16:33 of 1st period - Nazem Kadri wins face-off versus Mika Zibanejad in neutral zone.
16:49 of 1st period - Minor Penalty to Michael Stone for Holding.
16:50 of 1st period - Mika Zibanejad wins face-off versus Jean-Gabriel Pageau in VANCOUVER zone.
16:53 of 1st period - Shot by Jeff Skinner.
16:53 of 1st period - Shot Hit the Post.
17:07 of 1st period - Ryan Ellis is hit by Jeff Skinner and loses puck.
17:42 of 1st period - Shot by Matthew Tkachuk.
17:42 of 1st period - Goal by Matthew Tkachuk - VANCOUVER : 1 - LOS ANGELES : 2.
17:43 of 1st period - Matt Stajan wins face-off versus Patrick Kane in neutral zone.
17:58 of 1st period - Shot by Nikolai Kulemin.
17:58 of 1st period - Stopped by Martin Jones without a rebound.
17:59 of 1st period - Nazem Kadri wins face-off versus Vernon Fiddler in VANCOUVER zone.
18:06 of 1st period - Joshua Ho-Sang is hit by Nazem Kadri and loses puck.
18:15 of 1st period - Shot by Jonathan Huberdeau.
18:15 of 1st period - Stopped by Antti Raanta without a rebound.
18:16 of 1st period - Tyler Seguin wins face-off versus Matt Stajan in LOS ANGELES zone.
18:16 of 1st period - Tyler Seguin is hit by Fedor Tyutin.
18:30 of 1st period - Shot by Nikolai Kulemin.
18:30 of 1st period - Shot Blocked by T.J. Brodie.
18:59 of 1st period - Shot by Matthew Tkachuk.
18:59 of 1st period - Stopped by Martin Jones without a rebound.
19:00 of 1st period - Mika Zibanejad wins face-off versus Nazem Kadri in VANCOUVER zone.
19:13 of 1st period - Shot by Nazem Kadri.
19:13 of 1st period - Shot Misses the Net.
19:15 of 1st period - Shot by Mark Stone.
19:15 of 1st period - Stopped by Antti Raanta without a rebound.
19:16 of 1st period - Jean-Gabriel Pageau wins face-off versus Vernon Fiddler in LOS ANGELES zone.
19:23 of 1st period - Shot by Chris Kunitz.
19:23 of 1st period - Stopped by Antti Raanta without a rebound.
19:24 of 1st period - Mika Zibanejad wins face-off versus Nazem Kadri in LOS ANGELES zone.
19:28 of 1st period - Cam Fowler is hit by Travis Hamonic and loses puck.
Goals for this period are 1 for VANCOUVER vs 2 for LOS ANGELES.
Shots for this period are 12 for VANCOUVER vs 10 for LOS ANGELES.

2nd period


0:01 of 2nd period - Matt Stajan wins face-off versus Tyler Seguin in neutral zone.
0:01 of 2nd period - Matthew Tkachuk is hit by Tyler Seguin and loses puck.
0:10 of 2nd period - Off-side.
0:11 of 2nd period - Vernon Fiddler wins face-off versus Nazem Kadri in neutral zone.
0:16 of 2nd period - Shot by Joshua Ho-Sang.
0:16 of 2nd period - Shot Hit the Post.
0:22 of 2nd period - Shot by Derek Forbort.
0:22 of 2nd period - Shot Blocked by Hampus Lindholm.
0:24 of 2nd period - Shot by Vernon Fiddler.
0:24 of 2nd period - Shot Misses the Net.
0:26 of 2nd period - Shot by Vernon Fiddler.
0:26 of 2nd period - Stopped by Martin Jones without a rebound.
0:27 of 2nd period - Tyler Seguin wins face-off versus Matt Stajan in VANCOUVER zone.
1:00 of 2nd period - Shot by Matthew Tkachuk.
1:00 of 2nd period - Stopped by Martin Jones without a rebound.
1:01 of 2nd period - Mika Zibanejad wins face-off versus Nazem Kadri in VANCOUVER zone.
1:02 of 2nd period - Shot by Jeff Skinner.
1:02 of 2nd period - Shot Misses the Net.
1:10 of 2nd period - Shot by Nazem Kadri.
1:10 of 2nd period - Shot Blocked by Cam Fowler.
1:12 of 2nd period - Shot by Nazem Kadri.
1:12 of 2nd period - Stopped by Antti Raanta without a rebound.
1:13 of 2nd period - Jean-Gabriel Pageau wins face-off versus Vernon Fiddler in LOS ANGELES zone.
1:21 of 2nd period - Icing by Mark Stuart.
1:22 of 2nd period - Vernon Fiddler wins face-off versus Tyler Seguin in LOS ANGELES zone.
1:33 of 2nd period - Off-side.
1:34 of 2nd period - Jeff Skinner wins face-off versus Nazem Kadri in neutral zone.
1:49 of 2nd period - Shot by Jeff Skinner.
1:49 of 2nd period - Stopped by Martin Jones without a rebound.
1:50 of 2nd period - Tyler Seguin wins face-off versus Matthew Tkachuk in VANCOUVER zone.
2:32 of 2nd period - Tyler Seguin is hit by Fedor Tyutin and loses puck.
2:58 of 2nd period - Icing by Cam Fowler.
2:59 of 2nd period - Nazem Kadri wins face-off versus Mika Zibanejad in LOS ANGELES zone.
3:22 of 2nd period - Shot by Mike Hoffman.
3:22 of 2nd period - Shot Misses the Net.
4:13 of 2nd period - Shot by Joshua Ho-Sang.
4:13 of 2nd period - Stopped by Martin Jones with a rebound.
4:19 of 2nd period - Shot by Joshua Ho-Sang.
4:19 of 2nd period - Shot Misses the Net.
4:33 of 2nd period - Shot by Matt Stajan.
4:33 of 2nd period - Shot Blocked by Michael Stone.
4:35 of 2nd period - Shot by Nikolai Kulemin.
4:35 of 2nd period - Shot Blocked by Michael Stone.
5:04 of 2nd period - Icing by Tyler Seguin.
5:05 of 2nd period - Cody Eakin wins face-off versus Tyler Seguin in VANCOUVER zone.
5:05 of 2nd period - Cam Fowler is hit by Hampus Lindholm and loses puck.
5:12 of 2nd period - John Quenneville is hit by Patrick Kane and loses puck.
5:50 of 2nd period - Icing by Cam Fowler.
5:51 of 2nd period - Cody Eakin wins face-off versus Jonathan Huberdeau in LOS ANGELES zone.
5:51 of 2nd period - Cody Eakin is hit by Nazem Kadri.
6:31 of 2nd period - Shot by Mark Stone.
6:31 of 2nd period - Shot Misses the Net.
6:33 of 2nd period - Shot by Ryan Ellis.
6:33 of 2nd period - Goal by Ryan Ellis - VANCOUVER : 2 - LOS ANGELES : 2.
6:34 of 2nd period - Vernon Fiddler wins face-off versus Jean-Gabriel Pageau in neutral zone.
6:45 of 2nd period - Shot by Jean-Gabriel Pageau.
6:45 of 2nd period - Shot Misses the Net.
7:40 of 2nd period - Off-side.
7:41 of 2nd period - Matt Stajan wins face-off versus Nazem Kadri in neutral zone.
7:41 of 2nd period - Nikolai Kulemin is hit by Nazem Kadri and loses puck.
8:11 of 2nd period - Icing by Dmitry Kulikov.
8:12 of 2nd period - Tyler Seguin wins face-off versus Matt Stajan in LOS ANGELES zone.
8:20 of 2nd period - Matt Stajan is hit by Hampus Lindholm and loses puck.
8:30 of 2nd period - Hampus Lindholm is hit by Fedor Tyutin and loses puck.
8:34 of 2nd period - Icing by Fedor Tyutin.
8:35 of 2nd period - Nazem Kadri wins face-off versus Matt Stajan in LOS ANGELES zone.
8:54 of 2nd period - Shot by Nazem Kadri.
8:54 of 2nd period - Stopped by Antti Raanta without a rebound.
8:55 of 2nd period - Mika Zibanejad wins face-off versus Tyler Seguin in LOS ANGELES zone.
8:55 of 2nd period - Mika Zibanejad is hit by Patrick Kane.
9:09 of 2nd period - Minor Penalty to Tyler Seguin for Interference.
9:10 of 2nd period - Mika Zibanejad wins face-off versus Jean-Gabriel Pageau in VANCOUVER zone.
9:31 of 2nd period - Shot by Mike Hoffman.
9:31 of 2nd period - Stopped by Martin Jones without a rebound.
9:32 of 2nd period - Matt Stajan wins face-off versus Jean-Gabriel Pageau in VANCOUVER zone.
9:54 of 2nd period - Shot by Dmitry Kulikov.
9:54 of 2nd period - Shot Misses the Net.
9:56 of 2nd period - Shot by Matt Stajan.
9:56 of 2nd period - Stopped by Martin Jones without a rebound.
9:57 of 2nd period - Mika Zibanejad wins face-off versus Jean-Gabriel Pageau in VANCOUVER zone.
11:12 of 2nd period - Dmitry Kulikov is hit by Michael Stone and loses puck.
11:17 of 2nd period - Shot by Cody Eakin.
11:17 of 2nd period - Stopped by Martin Jones without a rebound.
11:18 of 2nd period - Tyler Seguin wins face-off versus Vernon Fiddler in VANCOUVER zone.
11:55 of 2nd period - Tyler Seguin is hit by Dmitry Kulikov and loses puck.
12:42 of 2nd period - Shot by Mark Stone.
12:42 of 2nd period - Stopped by Antti Raanta without a rebound.
12:43 of 2nd period - Jean-Gabriel Pageau wins face-off versus Mika Zibanejad in LOS ANGELES zone.
12:49 of 2nd period - Cam Fowler is hit by Jean-Gabriel Pageau and loses puck.
12:53 of 2nd period - Icing by Cam Fowler.
12:54 of 2nd period - Mark Stone wins face-off versus Mika Zibanejad in LOS ANGELES zone.
13:38 of 2nd period - Minor Penalty to T.J. Brodie for Holding.
13:39 of 2nd period - Matt Stajan wins face-off versus Jean-Gabriel Pageau in VANCOUVER zone.
13:46 of 2nd period - Shot by Matthew Tkachuk.
13:46 of 2nd period - Stopped by Martin Jones without a rebound.
13:47 of 2nd period - Jean-Gabriel Pageau wins face-off versus Matt Stajan in VANCOUVER zone.
13:55 of 2nd period - Off-side.
13:56 of 2nd period - Matt Stajan wins face-off versus Jean-Gabriel Pageau in neutral zone.
13:59 of 2nd period - Shot by Fedor Tyutin.
13:59 of 2nd period - Shot Misses the Net.
14:01 of 2nd period - Shot by Fedor Tyutin.
14:01 of 2nd period - Shot Blocked by Hampus Lindholm.
14:03 of 2nd period - Shot by Matt Stajan.
14:03 of 2nd period - Stopped by Martin Jones without a rebound.
14:04 of 2nd period - Jean-Gabriel Pageau wins face-off versus Mika Zibanejad in VANCOUVER zone.
14:17 of 2nd period - Hampus Lindholm is hit by Mike Hoffman and loses puck.
15:01 of 2nd period - Icing by Vernon Fiddler.
15:02 of 2nd period - Matt Stajan wins face-off versus Jean-Gabriel Pageau in LOS ANGELES zone.
15:44 of 2nd period - Shot by Matthew Tkachuk.
15:44 of 2nd period - Shot Blocked by Matt Irwin.
15:55 of 2nd period - Tyler Seguin is hit by Michael Raffl and loses puck.
15:59 of 2nd period - Matt Irwin is hit by Michael Raffl and loses puck.
16:03 of 2nd period - Zbynek Michalek is hit by Mark Stuart and loses puck.
16:18 of 2nd period - Shot by Patrick Kane.
16:18 of 2nd period - Stopped by Antti Raanta without a rebound.
16:19 of 2nd period - Mika Zibanejad wins face-off versus Nazem Kadri in LOS ANGELES zone.
16:56 of 2nd period - Icing by Jonathan Huberdeau.
16:57 of 2nd period - Nazem Kadri wins face-off versus Matt Stajan in VANCOUVER zone.
17:02 of 2nd period - Shot by Hampus Lindholm.
17:02 of 2nd period - Stopped by Antti Raanta with a rebound.
17:08 of 2nd period - Shot by Travis Hamonic.
17:08 of 2nd period - Shot Blocked by Dmitry Kulikov.
17:10 of 2nd period - Shot by Travis Hamonic.
17:10 of 2nd period - Stopped by Antti Raanta without a rebound.
17:11 of 2nd period - Tyler Seguin wins face-off versus Vernon Fiddler in LOS ANGELES zone.
17:18 of 2nd period - Shot by Tyler Seguin.
17:18 of 2nd period - Stopped by Antti Raanta with a rebound.
17:20 of 2nd period - Shot by Patrick Kane.
17:20 of 2nd period - Shot Misses the Net.
17:38 of 2nd period - Shot by Patrick Kane.
17:38 of 2nd period - Stopped by Antti Raanta with a rebound.
17:40 of 2nd period - Shot by Tyler Seguin.
17:40 of 2nd period - Shot Misses the Net.
18:24 of 2nd period - Shot by Chris Kunitz.
18:24 of 2nd period - Stopped by Antti Raanta without a rebound.
18:25 of 2nd period - Nazem Kadri wins face-off versus Mika Zibanejad in LOS ANGELES zone.
18:38 of 2nd period - Shot by Jeff Skinner.
18:38 of 2nd period - Stopped by Martin Jones without a rebound.
18:39 of 2nd period - Jean-Gabriel Pageau wins face-off versus Matt Stajan in VANCOUVER zone.
18:46 of 2nd period - Shot by Justin Abdelkader.
18:46 of 2nd period - Shot Misses the Net.
19:12 of 2nd period - Shot by Chris Kunitz.
19:12 of 2nd period - Shot Blocked by Cam Fowler.
19:14 of 2nd period - Shot by Justin Abdelkader.
19:14 of 2nd period - Stopped by Antti Raanta without a rebound.
19:15 of 2nd period - Mika Zibanejad wins face-off versus Nazem Kadri in LOS ANGELES zone.
19:26 of 2nd period - Shot by Jeff Skinner.
19:26 of 2nd period - Stopped by Martin Jones without a rebound.
19:27 of 2nd period - Tyler Seguin wins face-off versus Michael Raffl in VANCOUVER zone.
19:27 of 2nd period - Tyler Seguin is hit by Cody Eakin.
19:36 of 2nd period - Tyler Seguin is hit by Dmitry Kulikov and loses puck.
19:53 of 2nd period - Shot by Patrick Kane.
19:53 of 2nd period - Stopped by Antti Raanta with a rebound.
19:58 of 2nd period - Daniel Sedin is hit by Fedor Tyutin and loses puck.
Goals for this period are 1 for VANCOUVER vs 0 for LOS ANGELES.
Shots for this period are 12 for VANCOUVER vs 11 for LOS ANGELES.

3rd period


0:01 of 3rd period - Jonathan Huberdeau wins face-off versus Mika Zibanejad in neutral zone.
0:39 of 3rd period - Shot by Jeff Skinner.
0:39 of 3rd period - Shot Misses the Net.
0:40 of 3rd period - Minor Penalty to Derek Forbort for Roughing.
0:41 of 3rd period - Vernon Fiddler wins face-off versus Tyler Seguin in LOS ANGELES zone.
1:58 of 3rd period - Icing by Jonathan Huberdeau.
1:59 of 3rd period - Nazem Kadri wins face-off versus Cody Eakin in VANCOUVER zone.
2:35 of 3rd period - Shot by T.J. Brodie.
2:35 of 3rd period - Shot Blocked by Cam Fowler.
4:04 of 3rd period - Shot by Lukas Sedlak.
4:04 of 3rd period - Stopped by Antti Raanta without a rebound.
4:05 of 3rd period - Tyler Seguin wins face-off versus Matt Stajan in LOS ANGELES zone.
4:43 of 3rd period - Shot by Matt Stajan.
4:43 of 3rd period - Stopped by Martin Jones without a rebound.
4:44 of 3rd period - Nazem Kadri wins face-off versus Vernon Fiddler in VANCOUVER zone.
4:58 of 3rd period - Icing by Mark Stone.
4:59 of 3rd period - Nazem Kadri wins face-off versus Cody Eakin in VANCOUVER zone.
5:29 of 3rd period - Shot by Jonathan Huberdeau.
5:29 of 3rd period - Stopped by Antti Raanta with a rebound.
5:36 of 3rd period - Shot by Nazem Kadri.
5:36 of 3rd period - Stopped by Antti Raanta without a rebound.
5:37 of 3rd period - Tyler Seguin wins face-off versus Matt Stajan in LOS ANGELES zone.
5:38 of 3rd period - Shot by Patrick Kane.
5:38 of 3rd period - Stopped by Antti Raanta without a rebound.
5:39 of 3rd period - Matt Stajan wins face-off versus Tyler Seguin in LOS ANGELES zone.
5:39 of 3rd period - Matt Stajan is hit by Tyler Seguin.
5:57 of 3rd period - Shot by Matt Stajan.
5:57 of 3rd period - Shot Misses the Net.
5:59 of 3rd period - Shot by Fedor Tyutin.
5:59 of 3rd period - Shot Misses the Net.
6:01 of 3rd period - Shot by Matthew Tkachuk.
6:01 of 3rd period - Stopped by Martin Jones without a rebound.
6:02 of 3rd period - Mika Zibanejad wins face-off versus Jean-Gabriel Pageau in VANCOUVER zone.
6:10 of 3rd period - Icing by Ryan Ellis.
6:11 of 3rd period - Mika Zibanejad wins face-off versus Jean-Gabriel Pageau in VANCOUVER zone.
6:29 of 3rd period - Icing by Cam Fowler.
6:30 of 3rd period - Mika Zibanejad wins face-off versus Nazem Kadri in LOS ANGELES zone.
7:58 of 3rd period - Shot by Tyler Seguin.
7:58 of 3rd period - Shot Misses the Net.
8:08 of 3rd period - Shot by Tyler Seguin.
8:08 of 3rd period - Stopped by Antti Raanta without a rebound.
8:09 of 3rd period - Jean-Gabriel Pageau wins face-off versus Vernon Fiddler in LOS ANGELES zone.
8:35 of 3rd period - Shot by Chris Kunitz.
8:35 of 3rd period - Shot Misses the Net.
9:47 of 3rd period - Shot by Jeff Skinner.
9:47 of 3rd period - Goal by Jeff Skinner - VANCOUVER : 2 - LOS ANGELES : 3.
9:48 of 3rd period - Nazem Kadri wins face-off versus Matt Stajan in neutral zone.
10:13 of 3rd period - Shot by Mark Stone.
10:13 of 3rd period - Stopped by Antti Raanta with a rebound.
10:15 of 3rd period - Shot by Mark Stone.
10:15 of 3rd period - Shot Misses the Net.
10:17 of 3rd period - Shot by Travis Hamonic.
10:17 of 3rd period - Shot Misses the Net.
10:19 of 3rd period - Shot by Nazem Kadri.
10:19 of 3rd period - Shot Misses the Net.
10:21 of 3rd period - Shot by Mark Stone.
10:21 of 3rd period - Shot Blocked by Dmitry Kulikov.
10:23 of 3rd period - Shot by Nazem Kadri.
10:23 of 3rd period - Stopped by Antti Raanta without a rebound.
10:24 of 3rd period - Mika Zibanejad wins face-off versus Chris Kunitz in LOS ANGELES zone.
10:36 of 3rd period - Shot by Dennis Wideman.
10:36 of 3rd period - Stopped by Antti Raanta without a rebound.
10:37 of 3rd period - Tyler Seguin wins face-off versus Cody Eakin in LOS ANGELES zone.
10:37 of 3rd period - Tyler Seguin is hit by Cam Fowler.
10:41 of 3rd period - Shot by Ryan Ellis.
10:41 of 3rd period - Deflect By Patrick Kane.
10:41 of 3rd period - Goal by Patrick Kane - VANCOUVER : 3 - LOS ANGELES : 3.
10:42 of 3rd period - Tyler Seguin wins face-off versus Mika Zibanejad in neutral zone.
10:44 of 3rd period - Off-side.
10:45 of 3rd period - Matt Stajan wins face-off versus Tyler Seguin in neutral zone.
11:04 of 3rd period - Shot by Matthew Tkachuk.
11:04 of 3rd period - Shot Blocked by Tyler Seguin.
11:08 of 3rd period - Shot by Matthew Tkachuk.
11:08 of 3rd period - Shot Misses the Net.
11:10 of 3rd period - Shot by Cam Fowler.
11:10 of 3rd period - Shot Misses the Net.
11:55 of 3rd period - Mika Zibanejad is hit by Ryan Ellis and loses puck.
12:19 of 3rd period - Icing by Fedor Tyutin.
12:20 of 3rd period - Jean-Gabriel Pageau wins face-off versus Mika Zibanejad in LOS ANGELES zone.
12:21 of 3rd period - Shot by Dennis Wideman.
12:21 of 3rd period - Stopped by Antti Raanta without a rebound.
12:22 of 3rd period - Vernon Fiddler wins face-off versus Jean-Gabriel Pageau in LOS ANGELES zone.
12:22 of 3rd period - Vernon Fiddler is hit by Justin Abdelkader.
12:38 of 3rd period - Shot by Joshua Ho-Sang.
12:38 of 3rd period - Shot Misses the Net.
12:42 of 3rd period - Shot by Joshua Ho-Sang.
12:42 of 3rd period - Stopped by Martin Jones without a rebound.
12:43 of 3rd period - Mika Zibanejad wins face-off versus Tyler Seguin in VANCOUVER zone.
12:49 of 3rd period - Off-side.
12:50 of 3rd period - Nazem Kadri wins face-off versus Mika Zibanejad in neutral zone.
13:18 of 3rd period - Shot by Nazem Kadri.
13:18 of 3rd period - Shot Misses the Net.
13:32 of 3rd period - Shot by Mika Zibanejad.
13:32 of 3rd period - Deflect By Jeff Skinner.
13:32 of 3rd period - Shot Misses the Net.
13:34 of 3rd period - Shot by Mika Zibanejad.
13:34 of 3rd period - Stopped by Martin Jones without a rebound.
13:35 of 3rd period - Matt Stajan wins face-off versus Tyler Seguin in VANCOUVER zone.
13:50 of 3rd period - Shot by Matthew Tkachuk.
13:50 of 3rd period - Stopped by Martin Jones without a rebound.
13:51 of 3rd period - Jean-Gabriel Pageau wins face-off versus Vernon Fiddler in VANCOUVER zone.
13:55 of 3rd period - Michael Stone is hit by Mark Stuart and loses puck.
13:57 of 3rd period - Minor Penalty to Simon Despres for Interference.
13:58 of 3rd period - Vernon Fiddler wins face-off versus Patrick Kane in LOS ANGELES zone.
14:24 of 3rd period - Minor Penalty to Patrick Kane for High sticking.
14:25 of 3rd period - Tyler Seguin wins face-off versus Mika Zibanejad in VANCOUVER zone.
15:50 of 3rd period - Shot by Justin Abdelkader.
15:50 of 3rd period - Shot Misses the Net.
16:08 of 3rd period - Shot by Mika Zibanejad.
16:08 of 3rd period - Shot Misses the Net.
16:32 of 3rd period - John Mitchell is hit by Lukas Sedlak and loses puck.
16:49 of 3rd period - Shot by Mark Arcobello.
16:49 of 3rd period - Stopped by Antti Raanta without a rebound.
16:50 of 3rd period - Nazem Kadri wins face-off versus Cody Eakin in LOS ANGELES zone.
16:53 of 3rd period - Shot by Dennis Wideman.
16:53 of 3rd period - Shot Misses the Net.
16:56 of 3rd period - Icing by Fedor Tyutin.
16:57 of 3rd period - Nazem Kadri wins face-off versus Cody Eakin in LOS ANGELES zone.
17:00 of 3rd period - Shot by Mark Stone.
17:00 of 3rd period - Stopped by Antti Raanta without a rebound.
17:01 of 3rd period - Matt Stajan wins face-off versus Nazem Kadri in LOS ANGELES zone.
17:28 of 3rd period - Shot by Fedor Tyutin.
17:28 of 3rd period - Shot Blocked by Hampus Lindholm.
17:30 of 3rd period - Shot by Matt Stajan.
17:30 of 3rd period - Goal by Matt Stajan - VANCOUVER : 3 - LOS ANGELES : 4.
17:31 of 3rd period - Tyler Seguin wins face-off versus Vernon Fiddler in neutral zone.
17:55 of 3rd period - Joshua Ho-Sang is hit by T.J. Brodie and loses puck.
18:30 of 3rd period - Minor Penalty to Nazem Kadri for High sticking.
18:31 of 3rd period - Mika Zibanejad wins face-off versus Jean-Gabriel Pageau in VANCOUVER zone.
18:38 of 3rd period - Shot by Jeff Skinner.
18:38 of 3rd period - Stopped by Martin Jones without a rebound.
18:39 of 3rd period - Mika Zibanejad wins face-off versus Jean-Gabriel Pageau in VANCOUVER zone.
18:44 of 3rd period - Shot by Mike Hoffman.
18:44 of 3rd period - Stopped by Martin Jones with a rebound.
18:48 of 3rd period - Shot by Mike Hoffman.
18:48 of 3rd period - Stopped by Martin Jones without a rebound.
18:49 of 3rd period - Jean-Gabriel Pageau wins face-off versus Mika Zibanejad in VANCOUVER zone.
18:55 of 3rd period - Icing by Mika Zibanejad.
18:56 of 3rd period - Jean-Gabriel Pageau wins face-off versus Mike Hoffman in LOS ANGELES zone.
18:59 of 3rd period - Shot by Justin Abdelkader.
18:59 of 3rd period - Stopped by Antti Raanta without a rebound.
19:00 of 3rd period - Jean-Gabriel Pageau wins face-off versus Mika Zibanejad in LOS ANGELES zone.
19:17 of 3rd period - Ryan Ellis is hit by Mike Hoffman and loses puck.
19:28 of 3rd period - Shot by Cam Fowler.
19:28 of 3rd period - Shot Blocked by Hampus Lindholm.
19:42 of 3rd period - Shot by Cam Fowler.
19:42 of 3rd period - Stopped by Martin Jones with a rebound.
19:44 of 3rd period - Shot by Derek Forbort.
19:44 of 3rd period - Stopped by Martin Jones without a rebound.
19:45 of 3rd period - Tyler Seguin wins face-off versus Matt Stajan in VANCOUVER zone.
Goals for this period are 1 for VANCOUVER vs 2 for LOS ANGELES.
Shots for this period are 13 for VANCOUVER vs 12 for LOS ANGELES.